 Dungeon Crawl Stone Soup version 0.31-a0-1511-g961fd35ebc (webtiles) character file.

Game seed: 2280997188214150706

2161 MacCMillion the Fighter (level 9, -1/98 HPs)
             Began as an Oni Shapeshifter on Dec 30, 2023.
             Was a Follower of Lugonu.
             Slain by a vampire mosquito (3 damage)
             ... on level 8 of the Dungeon.
             The game lasted 00:09:30 (8083 turns).

MacCMillion the Fighter (Oni Shapeshifter)          Turns: 8083, Time: 00:09:31

Health: -1/98      AC:  4    Str: 24    XL:     9   Next: 32%
Magic:  9/9        EV:  9    Int: 11    God:    Lugonu [*.....]
Gold:   275        SH:  0    Dex:  8    Spells: 8/8 levels left

rFire   . .          .
                       - Unarmed
rCold   . . .        (no shield)
rNeg    . . .        F - +0 troll leather armour
rPois   .            (helmet currently unavailable)
rElec   .            (cloak currently unavailable)
rCorr   .            (gloves unavailable)
SInv    .            (boots unavailable)
Will    .....        q - amulet of the acrobat
Stlth   +            o - +4 ring of slaying
HPRegen 1.16/turn    (no ring)
MPRegen 0.11/turn

%: acrobat
@: beast-form
A: beast (slay +3), large, unfitting armour, horns 1, tough skin 1, double
potion healing, drunken brawling
a: Begin Untransformation, Renounce Religion, Depart the Abyss


You were on level 8 of the Dungeon.
You worshipped Lugonu.
Lugonu was aware of your devotion.
You were a hulking beast.
You visited 2 branches of the dungeon, and saw 9 of its levels.

You collected 275 gold pieces.

Inventory:

Missiles
 f - a throwing net
 i - 12 poisoned darts
 j - 6 boomerangs (quivered)
 k - 4 javelins
 E - a curare-tipped dart
Armour
 a - a +0 animal skin
 F - a +0 troll leather armour (worn)
Jewellery
 o - a +4 ring of slaying (left hand)
 q - an amulet of the acrobat (around neck)
 w - an amulet of magic regeneration
 D - an amulet of faith
Talismans
 c - a beast talisman
 d - a flux talisman
Wands
 h - a wand of roots (6)
 s - a wand of flame (24)
 G - a wand of paralysis (8)
Scrolls
 e - 3 scrolls of poison {unknown}
 g - 3 scrolls of vulnerability {unknown}
 m - a scroll of enchant armour
 p - a scroll of immolation
 r - a scroll of enchant weapon
 y - a scroll of blinking {unknown}
 A - 2 scrolls of fear {unknown}
 B - a scroll of revelation {unknown}
 C - a scroll of silence {unknown}
Potions
 b - 3 potions of lignification
 l - 2 potions of heal wounds
 n - a potion of enlightenment
 t - 2 potions of curing
 u - a potion of berserk rage
 v - 2 potions of haste {unknown}
 x - 2 potions of might {unknown}
 z - a potion of attraction {unknown}


   Skills:
 + Level 9.0 Fighting
 - Level 1.7 Dodging
 - Level 2.0 Stealth
 + Level 6.7 Unarmed Combat
 + Level 6.9 Shapeshifting


You had 8 spell levels left.
You didn't know any spells.
Your spell library contained the following spells:

 Spells                   Type           Power      Damage    Failure   Level
 Sting                    Conj/Alch      0%         1d3       38%         1
 Lesser Beckoning         Tloc           0%         N/A       52%         2
 Mercury Vapours          Alch/Air       0%         N/A       52%         2
 Static Discharge         Conj/Air       0%         3-3/arc   52%         2
 Call Canine Familiar     Summ           0%         N/A       77%         3
 Gell's Gravitas          Tloc           0%         N/A       77%         3
 Sigil of Binding         Hex            0%         N/A       77%         3
 Teleport Other           Tloc           0%         N/A       77%         3
 Airstrike                Air            0%         2d(0-16)  99%         4
 Brom's Barrelling Bould  Conj/Erth      0%         2d3       99%         4
 Dimensional Bullseye     Hex/Tloc       0%         N/A       99%         4
 Olgreb's Toxic Radiance  Alch           0%         N/A       99%         4
 Summon Lightning Spire   Summ/Air       0%         N/A       99%         4
 Fireball                 Conj/Fire      0%         3d3       100%        5
 Iskenderun's Battlesphe  Conj           0%         2d6       100%        5
 Conjure Ball Lightning   Conj/Air       0%         3x3d6     100%        6
 Orb of Destruction       Conj           0%         9d5       100%        7


Dungeon Overview and Level Annotations

Branches:
Dungeon (8/15)             Temple (1/1) D:5
   Lair: D:8-11

Altars:
Ashenzari
Dithmenos
Elyvilon
Fedhas
Hepliaklqana
Makhleb
Okawaru
Qazlal
Sif Muna
Wu Jian
Xom
Yredelemnul
The Shining One
Lugonu

Shops:
D:3 *

Annotations:
D:7 1 runed translucent door, anet's ghost, novice DrHu


Innate Abilities, Weirdness & Mutations

You are a hulking beast.
Your limbs bulge with bestial killing power. (Slay +3)
You are too large for most types of armour.
You have a pair of small horns on your head.
You have tough skin. (AC +1)
You gain doubled healing and magic from potions.
Whenever you drink a healing potion, you attack all around you.


Message History

The vampire mosquito bites you but does no damage.
The vampire mosquito bites you.
The vampire mosquito draws strength from your injuries!
The orc warrior hits you from afar with a +0 trident!
You punch the vampire mosquito!
The vampire mosquito is moderately damaged.
The vampire mosquito bites you but does no damage.
You punch the vampire mosquito!
Your headbutt misses the vampire mosquito.
The vampire mosquito is severely damaged.
The vampire mosquito bites you!
The vampire mosquito draws strength from your injuries!
The orc warrior hits you from afar with a +0 trident!
The vampire mosquito bites you!
* * * LOW HITPOINT WARNING * * *
The vampire mosquito draws strength from your injuries!
You are too injured to fight recklessly!
The vampire mosquito bites you!
* * * LOW HITPOINT WARNING * * *
The vampire mosquito draws strength from your injuries!
You are too injured to fight recklessly!
You are too injured to fight recklessly!
You closely miss the vampire mosquito. You headbutt the vampire mosquito!
The vampire mosquito is heavily damaged.
The vampire mosquito bites you.
* * * LOW HITPOINT WARNING * * *
The vampire mosquito draws strength from your injuries!
You miss the vampire mosquito.
The vampire mosquito is heavily damaged.
The vampire mosquito bites you.
* * * LOW HITPOINT WARNING * * *
The vampire mosquito draws strength from your injuries!
The vampire mosquito closely misses you.
You barely miss the vampire mosquito.
The vampire mosquito is moderately damaged.
The vampire mosquito bites you.
* * * LOW HITPOINT WARNING * * *
The vampire mosquito draws strength from your injuries!
The vampire mosquito bites you.
You die...

... # #.. .# ..###.###
#....... #.#...###
###........ #.#....###
#Fy......## #)#h......#
ooF#.......#
...###........
#.####.......##
..###.....##### #
###...#################.
...###...###
#.............
........### #..........#
..........# #.........##


You could see a vampire mosquito and a bullfrog.

Vanquished Creatures
  A troll (D:7)
  3 water moccasins
  An orc warrior (D:7)
  An ice beast (D:8)
  A black bear (D:4)
  3 centaurs
  A phantom (D:7)
  2 kobold brigands
  4 scorpions
  5 hounds
  3 orc priests
  3 jellies
  An iguana (D:7)
  5 orc wizards
  6 adders
  A white imp (D:7)
  2 dart slugs
  2 ribbon worms
  28 orcs
  6 endoplasms
  2 giant cockroaches
  6 goblins
  9 hobgoblins
  2 jackals (D:3)
  2 quokkas
  4 ball pythons
  4 bats (D:2)
  5 frilled lizards
  24 kobolds
  3 rats
140 creatures vanquished.

Notes
Turn   | Place    | Note
-------+----------+-------------------------------------------
     0 | D:1      | MacCMillion the Oni Shapeshifter began the quest for the
                  | Orb.
     0 | D:1      | Reached XP level 1. HP: 19/19 MP: 1/1
    95 | D:1      | You fall into a shaft and drop 1 floor!
   122 | D:2      | Reached XP level 2. HP: 28/28 MP: 2/2
   140 | D:2      | Reached skill level 2 in Fighting
   321 | D:2      | Reached skill level 3 in Fighting
   321 | D:2      | Reached XP level 3. HP: 31/37 MP: 3/3
   749 | D:2      | Reached XP level 4. HP: 44/45 MP: 4/4
  1559 | D:3      | Found Egry's Assorted Antiques.
  1797 | D:3      | Found a glowing golden altar of the Shining One.
  1799 | D:3      | Noticed an angel
  1804 | D:3      | Found a basalt altar of Yredelemnul.
  1806 | D:3      | Noticed a profane servitor
  2079 | D:3      | Reached XP level 5. HP: 34/53 MP: 5/5
  2831 | D:4      | Reached skill level 1 in Stealth
  2947 | D:4      | Noticed a black bear
  2959 | D:4      | Killed a black bear
  2960 | D:4      | Reached skill level 4 in Fighting
  3063 | D:4      | Found a shadowy altar of Dithmenos.
  3079 | D:4      | Reached XP level 6. HP: 59/62 MP: 6/6
  3798 | D:5      | Entered Level 5 of the Dungeon
  4170 | D:5      | Noticed a water moccasin
  4194 | D:5      | Reached skill level 5 in Fighting
  4194 | D:5      | Reached XP level 7. HP: 25/72 MP: 7/7
  4802 | D:5      | Found a staircase to the Ecumenical Temple.
  4871 | Temple   | Entered the Ecumenical Temple
  4884 | Temple   | Became a worshipper of Lugonu the Unformed
  5011 | D:5      | Found a hazy altar of Hepliaklqana.
  5192 | D:5      | Reached skill level 6 in Fighting
  5192 | D:5      | Reached skill level 5 in Shapeshifting
  5219 | D:5      | Reached skill level 5 in Unarmed Combat
  5446 | D:6      | Reached XP level 8. HP: 82/84 MP: 8/8
  5537 | D:6      | Found an iron altar of Okawaru.
  5683 | D:6      | Found a white marble altar of Elyvilon.
  6341 | D:6      | Reached skill level 7 in Fighting
  6645 | D:7      | Found a runed translucent door.
  6645 | D:7      | Noticed anet's ghost (novice DrHu)
  7054 | D:7      | Reached * piety under Lugonu
  7168 | D:7      | Reached skill level 8 in Fighting
  7493 | D:7      | Noticed a troll
  7504 | D:7      | Killed a troll
  7505 | D:7      | Reached XP level 9. HP: 58/97 MP: 9/9
  7742 | D:7      | Found an ornate altar of the Wu Jian Council.
  8074 | D:8      | Reached skill level 9 in Fighting
  8083 | D:8      | HP: 2/98 [vampire mosquito (5)]
  8083 | D:8      | Slain by a vampire mosquito

Illustrated notes

Levels and vault maps discovered:
D:1:      minmay_arrival_doors, layout_basic
D:2:      layout_loops_cross, minmay_domino_2
D:3:      layout_basic, grunt_temple_overflow_holy_war, serial_shops,
          nicolae_diamond_shop
D:4:      layout_gridville, old_standard_altar
D:5:      layout_cave_pools, mainiacjoe_overflow_small_starburst,
          temple_fountains
D:6:      layout_basic, nicolae_elyvilon_temple_path, kennysheep_mini
D:7:      layout_basic, nicolae_wu_jian_wuxing_cycle,
          hellmonk_ghost_happy_afterlife, nicolae_eternal_life
D:8:      layout_basic, nicolae_uskayaw_suspiria, special_room
          [special_room_kobold], minmay_manual_mandibuliform, uniq_pikel,
          uniq_joseph
Temple:   corrupted_temple

Skill      XL: |  1  2  3  4  5  6  7  8  9 |
---------------+----------------------------+-----
Fighting       | 3 4 5 6 8 9 |  9.0
Unarmed Combat | 3 4 5 6 |  6.7
Stealth        | 1 2 |  2.0
Shapeshifting  | 4 5 6 |  6.9
Dodging        | |  1.7

Action                     |  1- 3 |  4- 6 |  7- 9 || total
---------------------------+-------+-------+-------++-------
  Melee: Unarmed           |    48 |   167 |   179 ||   394
         Headbutt          |     5 |    23 |    28 ||    56
         Punch             |       |     3 |     3 ||     6
  Throw: Dart              |       |     3 |       ||     3
         Boomerang         |       |       |     3 ||     3
    Use: Scroll            |       |       |     7 ||     7
   Stab: Sleeping          |       |     1 |     4 ||     5
 Armour: Animal skin       |    27 |   122 |   109 ||   258
         Troll leather arm |       |       |    25 ||    25
  Dodge: Dodged            |    19 |    59 |    81 ||   159

Table legend: (Time is in decaauts)
 A = Elapsed time spent in this place.
 B = Non-inter-level travel time spent in this place.
 C = Inter-level travel time spent in this place.
 D = Time resting spent in this place.
 E = Time spent auto-exploring this place.
 F = Levels seen in this place.
 G = Mean time per level.
                   A        B        C        D        E       F      G
               +--------+--------+--------+--------+--------+-----+--------+
         Total |   8062 |   7829 |    233 |   2145 |   4632 |   9 |  895.8 |
       Dungeon |   8035 |   7802 |    233 |   2145 |   4632 |   8 | 1004.4 |
        Temple |     26 |     26 |      0 |      0 |      0 |   1 |   26.0 |
               +--------+--------+--------+--------+--------+-----+--------+

Top non-repeatable levels by time:
     D:7: 1438 daAuts
     D:4: 1401 daAuts
     D:3: 1287 daAuts
     D:5: 1209 daAuts
     D:6: 1204 daAuts
     D:2: 977 daAuts
     D:1: 441 daAuts
     D:8: 75 daAuts
  Temple: 26 daAuts
